 Dungeon Crawl Stone Soup version 0.26-a0-501-g57170428f2 (webtiles) character file.

Game seed: 8295403535698671662

222308 KristoblXynda the Bewitcher (level 18, -1/138 HPs)
             Began as a Vampire Gladiator on Aug 7, 2020.
             Was the Champion of Ashenzari.
             Shot with a bolt by a naga sharpshooter (23 damage)
             ... led by Vashnia
             ... on level 4 of the Snake Pit.
             The game lasted 01:25:44 (39278 turns).

KristoblXynda the Bewitcher (Vampire Gladiator)    Turns: 39278, Time: 01:25:45

Health: -1/138     AC: 17    Str: 16    XL:     18   Next: 53%
Magic:  27/27      EV: 29    Int: 19    God:    Ashenzari [******]
Gold:   2561       SH: 11    Dex: 21    Spells: 15/29 levels left

rFire    + . .     SeeInvis +   u - +9 scimitar (flame) (curse)
rCold    + + .     Faith    .   n - +2 buckler {reflect} (curse)
rNeg     + . .     Spirit   .   y - +4 acid dragon scales (curse)
rPois    +         Reflect  +   A - -2 hat of the Alchemist {rElec rPois rF+ rC+ rN+ MR+ rMut rCorr} (curse)
rElec    +         Harm     .   O - +1 cloak {Stlth+} (curse)
rCorr    +         Clarity  +   P - +1 pair of gloves {Dex+3} (curse)
rMut     +                      r - +1 pair of boots {Stlth+} (curse)
MR       ++++.                  k - amulet of regeneration
Stlth    +++++++...             K - ring of protection from magic
HPRegen  0.93/turn              I - +6 ring of intelligence (curse)
MPRegen  0.20/turn

@: lethally poisoned (-1 -> -2), regenerating quickly
A: antennae 1, fangs 3, see invisible, cold resistance 1, magic resistance 1,
unbreathing
}: 1/15 runes: decaying
a: Exsanguinate, Curse Item, Scrying, Transfer Knowledge, Renounce Religion


You were on level 4 of the Snake Pit.
You worshipped Ashenzari.
Ashenzari was exalted by your worship.
You visited 6 branches of the dungeon, and saw 32 of its levels.
You visited 1 bazaar.
You also visited: Sewer and Gauntlet.

You collected 3440 gold pieces.
You spent 879 gold pieces at shops.

Inventory:

Hand Weapons
 u - a cursed +9 scimitar of flaming (weapon)
Missiles
 d - 7 throwing nets (quivered)
Armour
 n - a cursed +2 buckler of reflection (worn)
 r - a cursed +1 pair of boots of stealth (worn)
 v - a cursed +2 kite shield of reflection
 y - cursed +4 acid dragon scales (worn)
 z - a +2 pair of gloves of strength
 A - the cursed -2 hat of the Alchemist (worn) {rElec rPois rF+ rC+ rN+ MR+ rMut rCorr}
   (You found it on level 7 of the Dungeon)

   It protects you from fire.
   It protects you from cold.
   It insulates you from electricity.
   It protects you from poison.
   It protects you from negative energy.
   It affects your resistance to hostile enchantments.
   It provides partial protection from all sources of acid and corrosion.
   It protects you from mutation.
   It has a curse placed upon it.
 O - a cursed +1 cloak of stealth (worn)
 P - a cursed +1 pair of gloves of dexterity (worn)
Jewellery
 k - an amulet of regeneration (around neck)
 I - a cursed +6 ring of intelligence (right hand)
 K - a ring of protection from magic (left hand)
Wands
 j - a wand of disintegration (41)
 w - a wand of digging (4)
 B - a wand of iceblast (2)
 G - a wand of paralysis (1)
 T - a wand of acid (9)
Scrolls
 b - 3 scrolls of immolation
 c - 20 scrolls of identify
 g - 8 scrolls of amnesia
 i - 10 scrolls of teleportation
 s - 4 scrolls of fog
 t - a scroll of blinking
 x - 2 scrolls of magic mapping
 E - 4 scrolls of fear
 H - 2 scrolls of enchant armour
Potions
 a - 6 potions of haste
 e - 2 potions of brilliance
 f - 7 potions of stabbing
 h - a potion of resistance
 l - 6 potions of lignification
 m - 7 potions of flight
 o - 3 potions of heal wounds
 p - 11 potions of curing
 q - 4 potions of mutation
 D - 4 potions of ambrosia
 J - 2 potions of might
 M - 3 potions of cancellation
 N - a potion of magic
 S - 2 potions of invisibility
Miscellaneous
 Q - a phantom mirror
 R - a box of beasts (2/3)
 U - a lightning rod (4/4)


   Skills:
 - Level 11.0 Fighting
 + Level 12.2(16.3) Long Blades
 - Level 2.1 Throwing
 + Level 8.6 Armour
 - Level 15.3(19.3) Dodging
 - Level 11.7(15.9) Stealth
 - Level 12.5(15.2) Shields
 + Level 6.3 Spellcasting
 + Level 7.3 Conjurations
 - Level 16.0 Hexes
 - Level 10.0 Evocations


You had 15 spell levels left.
You knew the following spells:

 Your Spells              Type           Power        Failure   Level
a - Tukima's Dance        Hex            ######..     1%          3
b - Invisibility          Hex            ######..     2%          6
c - Fireball              Conj/Fire      ###.......   63%         5

Your spell library contained the following spells:

 Spells                   Type           Power        Failure   Level
 Corona                   Hex            ######.      1%          1
 Magic Dart               Conj           ####         1%          1
 Ensorcelled Hibernation  Hex/Ice        #####.       1%          2
 Slow                     Hex            ######..     1%          2
 Confusing Touch          Hex            ######..     1%          3
 Dazzling Flash           Conj/Hex       ######       1%          3
 Inner Flame              Hex/Fire       #####...     1%          3
 Portal Projectile        Hex/Tloc       #####.       1%          3
 Summon Guardian Golem    Hex/Summ       #####...     1%          3
 Cause Fear               Hex            ######....   1%          4
 Leda's Liquefaction      Hex/Erth       #####.....   4%          4
 Conjure Flame            Conj/Fire      ###.....     9%          3
 Animate Skeleton         Necr           #.....       14%         1
 Apportation              Tloc           #.....       14%         1
 Beastly Appendage        Tmut           #.....       14%         1
 Pain                     Necr           #...         14%         1
 Sandblast                Erth           #.....       14%         1
 Sting                    Tmut/Pois      #...         14%         1
 Summon Small Mammal      Summ           #...         14%         1
 Mephitic Cloud           Conj/Pois/Air  ###.....     16%         3
 Iskenderun's Battlesphe  Conj           ####....     19%         5
 Blink                    Tloc           N/A          21%         2
 Call Imp                 Summ           #.......     21%         2
 Poisonous Vapours        Pois/Air       #.....       21%         2
 Wereblood                Tmut           #.......     21%         2
 Call Canine Familiar     Summ           #.......     38%         3
 Ignite Poison            Fire/Tmut/Pois #.......     38%         3
 Lesser Beckoning         Tloc           #.........   38%         3
 Spider Form              Tmut/Pois      #.........   38%         3
 Vampiric Draining        Necr           #.........   38%         3
 Irradiate                Conj/Tmut      ###.......   63%         5
 Animate Dead             Necr           #.........   80%         4
 Ice Form                 Ice/Tmut       #.......     80%         4
 Olgreb's Toxic Radiance  Pois           #.......     80%         4
 Summon Ice Beast         Ice/Summ       #.......     80%         4
 Summon Lightning Spire   Summ/Air       #.......     80%         4
 Bolt of Magma            Conj/Fire/Erth ###.......   80%         5
 Agony                    Necr           #.......     98%         5
 Alistair's Intoxication  Tmut/Pois      #........    98%         5
 Blade Hands              Tmut           #.........   98%         5
 Borgnjor's Vile Clutch   Necr/Erth      #.........   98%         5
 Iron Shot                Conj/Erth      ###.......   99%         6
 Starburst                Conj/Fire      ###.......   99%         6
 Orb of Destruction       Conj           ####......   99%         7
 Hydra Form               Tmut           #.........   100%        6
 Statue Form              Tmut/Erth      #........    100%        6
 Dragon Form              Tmut           #.........   100%        7
 Haunt                    Necr/Summ      #.........   100%        7
 Spellforged Servitor     Conj/Summ      ###.......   100%        7
 Ignition                 Fire           #.........   100%        8
 Infestation              Necr           #.........   100%        8
 Borgnjor's Revivificati  Necr           Unusable     N/A         8
 Necromutation            Tmut/Necr      Unusable     N/A         8
 Death's Door             Necr           Unusable     N/A         9

Dungeon Overview and Level Annotations

Branches:
Dungeon (15/15)            Temple (1/1) D:6            Lair (6/6) D:11
  Swamp (4/4) Lair:4        Snake (4/4) Lair:4        Slime (0/5) Lair:5
    Orc (2/2) D:10            Elf (0/3) Orc:2        Vaults (0/5) D:14
 Depths (0/5) D:15          Sewer (visited)         Gauntlet (visited)

Altars:
Ashenzari
Cheibriados
Dithmenos
Elyvilon
Fedhas
Gozag
Hepliaklqana
Kikubaaqudgha
Makhleb
Nemelex Xobeh
Okawaru
Qazlal
Ru
Sif Muna
Trog
Uskayaw
Vehumet
Wu Jian
Xom
Yredelemnul
Zin
The Shining One
Beogh

Shops:
D:5 :   D:8 [   D:14 [   Orc:2 }[!?   Snake:3 (

Portals:
Pandemonium: Orc:2
Trove: D:15 (show abyssal rune of Zot)

Annotations:
Lair:2 exclusion: 4 oklob plants
Snake:4 Vashnia


Innate Abilities, Weirdness & Mutations

Your natural rate of healing is unusually fast.
You have razor-sharp teeth.
You have supernaturally acute eyesight. (SInv)
You can survive without breathing.
You have a pair of small antennae on your head.
Your flesh is cold resistant. (rC+)
You are resistant to hostile enchantments. (MR+)


Message History

The naga sharpshooter is severely wounded.
The naga sharpshooter mumbles some strange words.
The naga sharpshooter magically shoots a bolt.
The bolt hits you.
* * * LOW HITPOINT WARNING * * *
Vashnia blinks!
You hit the naga sharpshooter. You burn the naga sharpshooter.
You bite the naga sharpshooter, but do no damage.
The naga sharpshooter is heavily wounded.
You feel sick.
The naga sharpshooter shoots an arrow.
The arrow hits you but does no damage.
The naga sharpshooter shoots a bolt.
The bolt misses you.
The naga sharpshooter shoots a bolt.
The bolt hits you!!
* * * LOW HITPOINT WARNING * * *
You feel much better.
Vashnia shoots an arrow.
The arrow hits you!
* * * LOW HITPOINT WARNING * * *
The naga sharpshooter gestures wildly while chanting.
The naga sharpshooter magically shoots an arrow.
You reflect the arrow off your cursed +2 buckler of reflection!
The naga sharpshooter shoots a bolt.
The bolt hits you!!
You die...

#...........##
#......#.....#
#....#####((.#
#....# #(.(#
##...# ##((##
#...# #N..##
##... ##..(##
#...* ##.()##
### * ,
##((@###(# *,,
##NNN((## , *
##ยง..## * *
##(..# ,
##.((.## * ,
#.(.##.# * ,,
* *#..######
,, *#..# *, ,
#{N.*


You could see Vashnia (invisible) and 3 naga sharpshooters.

Vanquished Creatures
  Bai Suzhen (Snake:3)
  Saint Roka (Orc:2)
  the Lernaean hydra (Swamp:4)
  Nikola (Snake:1)
  Gastronok (D:8)
  A thorn hunter (Swamp:3)
  Kirke (D:15)
  6 nagarajas
  Donald (Swamp:4)
  The ghost of Cetiraci the Martial Artist, an adept DsMo of Cheibriados (Snake:1)
  Louise (D:15)
  An orc warlord (Orc:1)
  Aizul (Snake:1)
  A reaper (Gauntlet)
  A very ugly thing (Swamp:4)
  A vampire knight (D:14)
  A minotaur (Gauntlet)
  An ettin (Orc:1)
  A fire dragon (Lair:6)
  Josephine (Orc:1)
  2 green deaths (Swamp:4)
  2 death oozes
  Harold (D:7)
  A hell beast (Swamp:4)
  17 hydras
  8 naga warriors
  A death knight (D:14)
  11 anacondas
  2 shambling mangroves (Swamp:1)
  2 centaur warriors
  3 ghost crabs
  Erica (D:8)
  12 alligators
  5 two-headed ogres
  2 tengu warriors (D:15)
  9 death yaks
  12 naga sharpshooters
  A vampire mage (D:14)
  3 thrashing horrors (Swamp:4)
  Urug (D:14)
  5 shock serpents
  10 orc high priests
  A fire crab (Gauntlet)
  A sixfirhy (Orc:2)
  Sonja (Lair:1)
  5 skeletal warriors (D:14)
  3 salamander mystics
  An unseen horror (D:15)
  An infernal demonspawn (Orc:2)
  A gelid demonspawn (Orc:2)
  2 torturous demonspawn (Orc:2)
  A spriggan druid (Swamp:4)
  5 naga ritualists
  5 swamp dragons
  A glowing orange brain (D:15)
  Pikel (D:5)
  5 orc knights
  A lindwurm (Lair:6)
  6 orc sorcerers
  2 deep elf magi
  9 mana vipers
  4 oklob plants (Lair:5)
  4 cyclopes
  12 ugly things
  6 salamanders
  A manticore (D:12)
  A centaur zombie (D:13)
  Maurice (D:7)
  5 elephants (Lair:3)
  3 guardian serpents
  36 black mambas
  2 molten gargoyles (Lair:6)
  2 gargoyles
  17 cane toads
  A torpor snail (Lair:2)
  10 naga magi
  3 orange demons
  3 centaur skeletons
  Maggie (D:7)
  A komodo dragon (shapeshifter) (D:15)
  9 komodo dragons
  2 hellwings (Gauntlet)
  A redback zombie (D:12)
  A rime drake (Lair:6)
  A yaktaur (shapeshifter) (D:15)
  A red devil (Orc:2)
  A meliai (shapeshifter) (D:15)
  8 trolls
  A polar bear (Lair:5)
  A polar bear (shapeshifter) (D:13)
  9 tyrant leeches
  9 hornets
  A hornet (shapeshifter) (D:15)
  Prince Ribbit (D:8)
  7 bog bodies
  7 hippogriffs
  19 slime creatures
  14 blink frogs
  5 dream sheep (Lair:4)
  2 meliai zombies
  8 vampires (D:14)
  17 flying skulls (D:14)
  7 water elementals
  3 spriggans
  3 shadows
  A fire elemental (Lair:4)
  29 yaks
  4 wyverns
  3 fire bats (Gauntlet)
  7 wraiths
  8 basilisks
  16 humans (D:14)
  A human (shapeshifter) (D:15)
  A neqoxec (Orc:2)
  A small abomination (Swamp:4)
  A golden eye (shapeshifter) (D:11)
  13 vampire mosquitoes
  3 steam dragons
  3 wargs
  13 swamp worms
  11 insubstantial wisps
  36 nagas
  4 hell hounds (Lair:6)
  A soldier ant (D:15)
  Duvessa (D:5)
  13 water moccasins
  An acid dragon (Lair:6)
  A floating eye (Lair:5)
  7 porcupines
  10 swamp drakes
  A phantom (D:14)
  Purgy (Sewer)
  3 sky beasts
  34 orc warriors
  3 black bears
  8 wolves
  12 ogres
  12 centaurs
  4 crocodiles
  A lemure (D:5)
  A big kobold (D:7)
  16 bullfrogs
  Dowan (D:5)
  4 scorpions
  A scorpion (shapeshifter) (D:14)
  6 killer bees (D:7)
  4 howler monkeys
  3 wights (D:5)
  6 jellies
  5 electric eels
  3 bullfrog zombies
  4 lava snakes (Lair:6)
  32 orc priests
  7 human zombies (D:14)
  2 iguanas
  5 hounds
  11 orc wizards
  2 bullfrog skeletons
  Terence (D:3)
  A hell rat (D:14)
  8 worker ants
  A hound zombie (D:5)
  2 hound skeletons (D:5)
  A howler monkey zombie (D:6)
  A worker ant zombie (D:6)
  5 gnolls
  3 river rats
  13 adders
  A shadow imp (D:5)
  2 white imps
  3 ufetubi
  2 oozes
  4 worms
  3 dart slugs
  7 leopard geckos
  72 orcs
  6 ball pythons
  9 giant cockroaches
  10 goblins
  7 hobgoblins
  11 jackals
  4 quokkas
  5 bats
  7 frilled lizards
  A jackal skeleton (D:4)
  11 kobolds
  13 rats
1034 creatures vanquished.

Vanquished Creatures (collateral kills)
  Rupert (D:15)
  Agnes (Snake:2)
  A centaur warrior (D:15)
  2 naga ritualists
  A salamander (Snake:3)
  A black mamba (Snake:2)
7 creatures vanquished.

Vanquished Creatures (others)
  A naga mage (Snake:2)
  A slime creature (Swamp:3)
  7 dancing weapons
  A swamp worm (Swamp:1)
  15 fungi
  54 plants
  3 toadstools (D:5)
82 creatures vanquished.

Grand Total: 1123 creatures vanquished

Notes
Turn   | Place    | Note
-------+----------+-------------------------------------------
     0 | D:1      | KristoblXynda the Vampire Gladiator began the quest for the
                  | Orb.
     0 | D:1      | Reached XP level 1. HP: 16/16 MP: 1/1
   144 | D:1      | Reached XP level 2. HP: 20/22 MP: 2/2
   349 | D:1      | Reached XP level 3. HP: 26/27 MP: 3/3
   596 | D:1      | Reached skill level 1 in Stealth
   847 | D:2      | Found a white marble altar of Elyvilon.
   847 | D:2      | Found an ornate altar of the Wu Jian Council.
   848 | D:2      | Found an ancient bone altar of Kikubaaqudgha.
  1219 | D:2      | Reached XP level 4. HP: 32/33 MP: 4/4
  1764 | D:3      | Noticed a steam dragon
  1804 | D:3      | HP: 1/49 [steam dragon (4)]
  1810 | D:3      | Killed a steam dragon
  1810 | D:3      | Reached XP level 5. HP: 8/38 MP: 5/5
  1934 | D:3      | Reached skill level 5 in Dodging
  1999 | D:3      | Reached XP level 6. HP: 44/44 MP: 6/6
  2008 | D:3      | Found a glowing drain.
  2016 | Sewer    | Entered a sewer
  2111 | Sewer    | Noticed Purgy
  2120 | Sewer    | Killed Purgy
  2120 | Sewer    | Reached skill level 5 in Stealth
  2423 | D:3      | Noticed Terence
  2441 | D:3      | Killed Terence
  2441 | D:3      | Reached skill level 5 in Long Blades
  2836 | D:4      | Reached XP level 7. HP: 49/49 MP: 7/7
  2913 | D:4      | Reached skill level 1 in Armour
  3446 | D:5      | Entered Level 5 of the Dungeon
  3499 | D:5      | Noticed Dowan
  3511 | D:5      | Noticed Duvessa
  3543 | D:5      | Killed Duvessa
  3554 | D:5      | Killed Dowan
  3564 | D:5      | Got a jewelled dagger
  3755 | D:5      | Identified the +8 dagger of the Coin {elec, +Fly Str-4
                  | Stlth+} (You found it on level 5 of the Dungeon)
  4036 | D:5      | Noticed Pikel
  4046 | D:5      | Killed Pikel
  4046 | D:5      | Reached XP level 8. HP: 55/55 MP: 8/8
  4135 | D:5      | Found Plog's Book Shoppe.
  4541 | D:6      | Found a staircase to the Ecumenical Temple.
  4549 | Temple   | Entered the Ecumenical Temple
  4613 | Temple   | Became a worshipper of Ashenzari the Shackled
  4845 | D:6      | Reached XP level 9. HP: 53/61 MP: 9/9
  5163 | D:6      | Found a hazy altar of Hepliaklqana.
  5521 | D:7      | Found the -2 hat of the Alchemist {rElec rPois rF+ rC+ rN+
                  | MR+ rMut rCorr}
  5581 | D:7      | Noticed Harold
  5589 | D:7      | Killed Harold
  5589 | D:7      | Reached skill level 10 in Stealth
  5652 | D:7      | Noticed Maggie
  5657 | D:7      | Killed Maggie
  5657 | D:7      | Reached skill level 5 in Armour
  6255 | D:7      | Reached XP level 10. HP: 66/67 MP: 10/10
  6294 | D:7      | Identified the +6 chain mail of Asceticism {-Cast Dex+4}
  6456 | D:8      | Noticed Maurice
  6485 | D:7      | Killed Maurice
  6798 | D:8      | Reached * piety under Ashenzari
  6803 | D:8      | Found Pynemeun's Antique Armour Emporium.
  6842 | D:8      | Noticed Prince Ribbit
  6842 | D:8      | Noticed Erica
  6845 | D:8      | Killed Prince Ribbit
  6857 | D:8      | Killed Erica
  7079 | D:8      | Noticed Gastronok
  7102 | D:8      | Killed Gastronok
  7276 | D:8      | Found a shimmering blue altar of Sif Muna.
  7438 | D:9      | Noticed a two-headed ogre
  7680 | D:9      | Reached skill level 10 in Dodging
  7683 | D:9      | Reached skill level 1 in Evocations
  7857 | D:9      | Reached XP level 11. HP: 75/75 MP: 11/11
  7880 | D:9      | Killed a two-headed ogre
  7991 | D:9      | Noticed a two-headed ogre
  7998 | D:9      | Killed a two-headed ogre
  8214 | D:10     | Entered Level 10 of the Dungeon
  8214 | D:10     | Found a staircase to the Orcish Mines.
  8872 | D:11     | Learned a level 3 spell: Tukima's Dance
  8911 | D:11     | Reached skill level 10 in Long Blades
  9111 | D:11     | Found a sparkling altar of Nemelex Xobeh.
  9495 | D:11     | Found a staircase to the Lair.
 10059 | D:12     | Reached ** piety under Ashenzari
 10085 | D:12     | Noticed a red ugly thing
 10111 | D:12     | Killed a red ugly thing
 10641 | D:13     | Found a flickering gateway to a bazaar.
 10660 | Bazaar   | Entered a bazaar
 10680 | Bazaar   | Found Beug's Antique Weapon Shoppe.
 10695 | Bazaar   | Found Baxyigeo's General Store.
 10704 | Bazaar   | Bought a wand of paralysis (7) for 72 gold pieces
 10718 | Bazaar   | Found Boti's Antique Armour Shoppe.
 10724 | Bazaar   | Bought a pair of embroidered boots for 195 gold pieces
 10754 | Bazaar   | Found Fyits's Assorted Antiques.
 10832 | D:13     | Noticed a centaur warrior
 10855 | D:13     | Found a gate leading to a gauntlet.
 10862 | Gauntlet | Entered a Gauntlet
 10862 | Gauntlet | Found a transporter.
 10872 | Gauntlet | Noticed a fire crab
 10873 | Gauntlet | Found a transporter.
 10888 | Gauntlet | Found a transporter.
 10893 | Gauntlet | Found a transporter.
 10907 | Gauntlet | Noticed a reaper
 10908 | Gauntlet | Found a transporter.
 10927 | Gauntlet | Identified a +2 pair of boots of running
 10927 | Gauntlet | Found a transporter.
 10927 | Gauntlet | Noticed a reaper
 10939 | Gauntlet | Found a transporter.
 10940 | Gauntlet | Noticed a wizard
 10947 | Gauntlet | Found a transporter.
 10947 | Gauntlet | Found a transporter.
 10951 | Gauntlet | Noticed a wizard
 10960 | Gauntlet | Noticed a reaper
 10972 | Gauntlet | Found a transporter.
 10980 | Gauntlet | Found a transporter.
 10989 | Gauntlet | Found a transporter.
 10991 | Gauntlet | Identified the ring of Ihuzym {rElec MR+ Int+3}
 11001 | Gauntlet | Found a transporter.
 11001 | Gauntlet | Noticed a fire crab
 11004 | Gauntlet | Identified the +2 pair of boots of the Louse {SInv}
 11150 | Gauntlet | Found a transporter.
 11163 | Gauntlet | Found a transporter.
 11170 | Gauntlet | Found a transporter.
 11215 | Gauntlet | Noticed a death ooze
 11216 | Gauntlet | Found a transporter.
 11220 | Gauntlet | Found a transporter.
 11283 | Gauntlet | Killed a death ooze
 11283 | Gauntlet | Reached XP level 12. HP: 84/84 MP: 12/12
 11356 | Gauntlet | Reached skill level 5 in Fighting
 11356 | Gauntlet | Reached skill level 5 in Evocations
 11413 | Gauntlet | Learned a level 6 spell: Invisibility
 11449 | Gauntlet | Killed a reaper
 11449 | Gauntlet | Reached skill level 2 in Hexes
 11485 | Gauntlet | Got the cursed buckler "Cesm" {Harm}
 11636 | Gauntlet | Noticed a minotaur
 11657 | Gauntlet | Killed a minotaur
 11657 | Gauntlet | Reached skill level 3 in Hexes
 11930 | Gauntlet | Identified the Incunabulum of Dusty Venom
 12072 | D:13     | Killed a centaur warrior
 12072 | D:13     | Reached skill level 1 in Shields
 12072 | D:13     | Reached skill level 4 in Hexes
 12452 | D:13     | Reached skill level 5 in Hexes
 13251 | D:14     | Reached *** piety under Ashenzari
 13256 | D:14     | Noticed a two-headed ogre
 13257 | D:14     | Found a gate to the Vaults.
 13257 | D:14     | Noticed a centaur warrior
 13258 | D:14     | Noticed Urug
 13290 | D:14     | Killed a centaur warrior
 13290 | D:14     | Reached skill level 6 in Hexes
 13352 | D:14     | Killed a two-headed ogre
 13358 | D:14     | Killed Urug
 13445 | D:14     | Reached skill level 7 in Hexes
 13456 | D:14     | Reached XP level 13. HP: 91/91 MP: 13/13
 13827 | D:14     | Found Zufa's Antique Armour Boutique.
 13889 | D:14     | Reached skill level 8 in Hexes
 14392 | D:14     | Found a basalt altar of Yredelemnul.
 14663 | D:14     | Noticed a vampire knight
 14667 | D:14     | Killed a vampire knight
 14667 | D:14     | Reached skill level 5 in Shields
 14853 | D:14     | Reached skill level 9 in Hexes
 15228 | Lair:1   | Entered Level 1 of the Lair of Beasts
 15237 | Lair:1   | Noticed Sonja
 15244 | Lair:1   | Killed Sonja
 16217 | Lair:2   | Reached skill level 10 in Hexes
 17237 | Lair:3   | Reached **** piety under Ashenzari
 17282 | Lair:3   | Reached XP level 14. HP: 97/98 MP: 14/14
 17853 | Lair:3   | Reached skill level 11 in Hexes
 18211 | Lair:4   | Found a staircase to the Swamp.
 18526 | Lair:4   | Found a staircase to the Snake Pit.
 18970 | Lair:4   | Reached ***** piety under Ashenzari
 19413 | Lair:5   | Found a staircase to the Slime Pits.
 20077 | Lair:5   | Paralysed by a floating eye for 3 turns
 20250 | Lair:5   | Reached skill level 12 in Hexes
 20784 | Lair:6   | Entered Level 6 of the Lair of Beasts
 21860 | Lair:6   | Reached skill level 10 in Evocations
 22120 | Lair:6   | Found a large runed translucent door.
 22121 | Lair:6   | Found a large runed translucent door.
 22174 | Lair:6   | Reached skill level 13 in Hexes
 22174 | Lair:6   | Reached XP level 15. HP: 93/103 MP: 15/15
 22571 | Orc:1    | Entered Level 1 of the Orcish Mines
 22598 | Orc:1    | Reached skill level 1 in Spellcasting
 23095 | Orc:1    | Noticed an orc warlord
 23125 | Orc:1    | Killed an orc warlord
 23308 | Orc:1    | Found a roughly hewn altar of Beogh.
 24340 | D:15     | Entered Level 15 of the Dungeon
 24517 | D:15     | Found a staircase to the Depths.
 24684 | D:15     | Reached ****** piety under Ashenzari
 24792 | D:15     | Noticed Kirke
 24802 | D:15     | Noticed a sphinx
 24827 | D:15     | Killed Kirke
 24989 | D:15     | Noticed Louise
 24997 | D:15     | Reached skill level 14 in Hexes
 25022 | D:15     | Killed Louise
 25027 | D:15     | Identified the +1 chain mail of a Billion Artisans {Harm
                  | +Blink Int-2 Dex+4}
 25235 | D:15     | Noticed Rupert
 25250 | D:15     | Killed Rupert
 25414 | D:15     | Found a portal to a secret trove of treasure.
 25721 | Orc:1    | Noticed Josephine
 25740 | Orc:1    | Killed Josephine
 25798 | Orc:2    | Entered Level 2 of the Orcish Mines
 25836 | Orc:2    | Noticed Saint Roka
 26077 | Orc:2    | Killed Saint Roka
 26346 | Orc:2    | Found a staircase to the Elven Halls.
 26364 | Orc:2    | Gained mutation: Potions are less effective at restoring
                  | your health. [a neqoxec]
 26524 | Orc:2    | Found Jyekhyarph's Magic Scroll Shop.
 26525 | Orc:2    | Found Gianos's Distillery.
 26717 | Orc:2    | Reached skill level 5 in Spellcasting
 26739 | Orc:2    | Bought a scroll of immolation for 45 gold pieces
 26739 | Orc:2    | Bought a scroll of enchant weapon for 97 gold pieces
 27115 | Orc:2    | Reached XP level 16. HP: 57/115 MP: 23/23
 27244 | Orc:2    | Lost mutation: Potions are less effective at restoring your
                  | health. [potion of mutation]
 27244 | Orc:2    | Gained mutation: You are clumsy. (Dex -2) [potion of
                  | mutation]
 27244 | Orc:2    | Gained mutation: You are very clumsy. (Dex -4) [potion of
                  | mutation]
 27244 | Orc:2    | Gained mutation: Your mind is acute. (Int +2) [potion of
                  | mutation]
 27345 | Orc:2    | Lost mutation: Your mind is acute. (Int +2) [potion of
                  | mutation]
 27345 | Orc:2    | Lost mutation: You are very clumsy. (Dex -4) [potion of
                  | mutation]
 27345 | Orc:2    | Lost mutation: You are clumsy. (Dex -2) [potion of
                  | mutation]
 27345 | Orc:2    | Gained mutation: Potions are less effective at restoring
                  | your health. [potion of mutation]
 27345 | Orc:2    | Gained mutation: Your system is resistant to poisons.
                  | (rPois) [potion of mutation]
 27446 | Orc:2    | Lost mutation: Your system is resistant to poisons. (rPois)
                  | [potion of mutation]
 27446 | Orc:2    | Gained mutation: You are weak. (Str -2) [potion of
                  | mutation]
 27446 | Orc:2    | Gained mutation: Armour fits poorly on your strangely
                  | shaped body. [potion of mutation]
 27522 | Orc:2    | Lost mutation: You are weak. (Str -2) [potion of mutation]
 27522 | Orc:2    | Lost mutation: Armour fits poorly on your strangely shaped
                  | body. [potion of mutation]
 27522 | Orc:2    | Gained mutation: You are resistant to hostile enchantments.
                  | (MR+) [potion of mutation]
 27522 | Orc:2    | Gained mutation: You have a pair of small antennae on your
                  | head. [potion of mutation]
 27523 | Orc:2    | Lost mutation: Potions are less effective at restoring your
                  | health. [potion of mutation]
 27523 | Orc:2    | Lost mutation: You are resistant to hostile enchantments.
                  | (MR+) [potion of mutation]
 27523 | Orc:2    | Gained mutation: Your flesh is cold resistant. (rC+)
                  | [potion of mutation]
 27523 | Orc:2    | Gained mutation: You are resistant to hostile enchantments.
                  | (MR+) [potion of mutation]
 27562 | Orc:2    | Reached skill level 15 in Hexes
 27572 | Orc:2    | Reached skill level 10 in Shields
 27670 | Orc:2    | Learned a level 5 spell: Fireball
 27804 | Orc:2    | Reached skill level 1 in Conjurations
 27809 | Orc:2    | Found Pewn's Antique Armour Emporium.
 27809 | Orc:2    | Found Seul's Gadget Shoppe.
 27810 | Orc:2    | Found a one-way gate leading to the halls of Pandemonium.
 27818 | Orc:2    | Bought a pair of runed gloves for 210 gold pieces
 27820 | Orc:2    | Bought a wand of acid (6) for 260 gold pieces
 28286 | Swamp:1  | Entered Level 1 of the Swamp
 30320 | Swamp:3  | Reached skill level 16 in Hexes
 30382 | Swamp:3  | Noticed a thorn hunter
 30456 | Swamp:3  | Killed a thorn hunter
 31030 | Swamp:4  | Entered Level 4 of the Swamp
 31044 | Swamp:4  | Noticed Donald
 31624 | Swamp:4  | Noticed the 27-headed Lernaean hydra
 31640 | Swamp:4  | Killed the 24-headed Lernaean hydra
 31640 | Swamp:4  | Reached XP level 17. HP: 32/124 MP: 19/25
 32224 | Swamp:4  | Got a decaying rune of Zot
 32357 | Swamp:4  | Killed Donald
 32357 | Swamp:4  | Reached skill level 5 in Conjurations
 33065 | Snake:1  | Entered Level 1 of the Snake Pit
 33127 | Snake:1  | Noticed Aizul
 33150 | Snake:1  | Killed Aizul
 33661 | Snake:1  | Identified the cursed +0 pair of gloves "Julymink" {rPois}
 33661 | Snake:1  | Noticed Nikola
 33690 | Snake:1  | Killed Nikola
 34080 | Snake:1  | Found a large runed translucent door.
 34080 | Snake:1  | Found a large runed translucent door.
 34081 | Snake:1  | Noticed Cetiraci's ghost (adept DsMo)
 34085 | Snake:1  | Identified the cursed +1 scale mail of Noughts and Crosses
                  | {*Drain Int-5 Dex+8 Stlth+}
 34313 | Snake:1  | Killed Cetiraci's ghost
 34621 | Snake:2  | Reached skill level 10 in Fighting
 34909 | Snake:2  | Noticed Agnes
 34927 | Snake:2  | Killed Agnes
 35907 | Snake:3  | Found Beelo's Weapon Shoppe.
 35990 | Snake:3  | Reached skill level 15 in Dodging
 36252 | Snake:3  | Reached XP level 18. HP: 136/136 MP: 21/26
 36343 | Snake:3  | Found the +18 shield of the Gong {rElec rN+ MR+ EV-5}
 37146 | Snake:3  | HP: 3/136 [nagaraja/lance of force (31)]
 37151 | Snake:3  | HP: 3/136 [poisoned by a naga ritualist (toxic radiance)]
 37156 | Snake:3  | HP: 4/136 [poisoned by a naga ritualist (toxic radiance)]
 37161 | Snake:3  | HP: 6/136 [poisoned by a naga ritualist (toxic radiance)]
 37862 | Snake:4  | Entered Level 4 of the Snake Pit
 38134 | Snake:4  | Found a basalt altar of Yredelemnul.
 38871 | Snake:4  | Noticed Bai Suzhen
 38939 | Snake:3  | Killed Bai Suzhen
 39194 | Snake:4  | Noticed Vashnia
 39277 | Snake:4  | HP: 4/138 [naga sharpshooter/bolt[Vashnia] (25)]
 39278 | Snake:4  | Shot with a bolt by a naga sharpshooter

Illustrated notes

Levels and vault maps discovered:
D:1:      ncdulo_watergridlock, layout_loops_ring
D:2:      minmay_angry_zag, layout_rooms, gammafunk_temple_overflow_claw,
          nrook_mini_vaults
D:3:      layout_loops_ring, portal_sewer_entry_e, serial_glass,
          glass_columns_a, glass_columns_a, glass_columns_b,
          minmay_misc_feat_diagonals, uniq_terence
D:4:      layout_basic, dk_rats_in_the_wall
D:5:      layout_loops_ring, serial_shops, kennysheep_mini,
          minmay_gold_behind_fungi, kennysheep_pointless_box, uniq_pikel,
          uniq_duvessa
D:6:      layout_loops_corners, lemuel_doored_altar, minmay_temple_entry_slanted
D:7:      layout_basic, chequers_hall_statues_wall_a, uniq_maggie, uniq_harold
D:8:      layout_basic, serial_shops, nicolae_shop_window_shopping,
          led_sif_pool, uniq_gastronok, uniq_prince_ribbit1, uniq_maurice,
          uniq_erica
D:9:      layout_roguey
D:10:     layout_rooms, orc_0_dummy, corner_web_ring
D:11:     layout_roguey, lair_entry_dummy, nemelex_diamond_rough_becter
D:12:     layout_basic, st_stairs_12
D:13:     layout_basic, serial_shops, bzr_entry_gold, gauntlet_entry_generic
D:14:     lemuel_vampire_tower, layout_rooms, david_vaults_3, serial_shops,
          nicolae_shop_stone, serial_bayou, serial_bayou_shore_b,
          serial_bayou_pond_c, serial_bayou_pond_c, serial_bayou_lake_a,
          minmay_crystal_water
D:15:     gammafunk_enter_depths_forms, layout_basic, trove_entry_hex_spiral,
          uniq_louise, uniq_kirke, uniq_rupert
Temple:   compressed_dpeg_circular_temple
Lair:1:   layout_long_grid, grunt_megastairs_5, uniq_sonja
Lair:2:   layout_regular_city, minmay_lair_oklob_chamber
Lair:3:   layout_regular_city, grunt_megastairs_3
Lair:4:   layout_gridlike, minmay_swamp_entry_eels,
          minmay_snake_entry_guardpost_small, serial_forest,
          infiniplex_forest_clump_double, infiniplex_forest_join,
          infiniplex_forest_lined_ring, infiniplex_forest_lined_4_way,
          infiniplex_forest_pool, infiniplex_forest_clump_curved,
          infiniplex_forest_lined_corner, infiniplex_forest_end_1,
          infiniplex_forest_corner_2
Lair:5:   layout_regular_city, minmay_slime_entry_pillars, disabler_island
Lair:6:   cheibrodos_lair_end_hotspot, layout_gridlike, guppyfry_lair_drakes
Swamp:1:  layout_basic_swamp, infiniplex_staircase_pool_2, swamp_pool4,
          nicolae_swamp_very_dense_foliage
Swamp:2:  layout_basic_swamp, nicolae_swamp_fairy_circle
Swamp:3:  layout_basic_swamp, evilmike_swamp_ruin_house_3, swamp_pool1,
          infiniplex_staircase_pool
Swamp:4:  swamp_vile, layout_basic_swamp, swamp_pool5,
          nicolae_swamp_dense_foliage, uniq_donald
Snake:1:  layout_grid_maze, ebering_ghost_disaster_area, uniq_nikola, uniq_aizul
Snake:2:  layout_concentric_octagons, lemuel_fruit_tree, uniq_agnes
Snake:3:  layout_chambers, serial_shops, shop
Snake:4:  grunt_snake_rune_pools, layout_layer_cave, basic_altar,
          uniq_bai_suzhen, uniq_vashnia
Orc:1:    layout_diamond_mine, minmay_orc_temple_c, uniq_josephine
Orc:2:    pf_orc_diabolical, layout_caves, abandoned_shop, uniq_saint_roka

Skill      XL: |  1  2  3  4  5  6  7  8  9 10 11 12 13 14 15 16 17 18 |
---------------+-------------------------------------------------------+-----
Throwing       | 2 |  2.1
Stealth        | 2 4 5 8 9 11 | 11.7
Dodging        | 4 5 6 7 8 10 11 12 13 15 | 15.3
Long Blades    | 4 5 6 8 9 10 12 | 12.2
Armour         | 3 5 6 7 8 |  8.6
Fighting       | 3 4 5 7 8 10 11 | 11.0
Evocations     | 1 4 6 8 10 | 10.0
Hexes          | 7 10 13 14 16 | 16.0
Shields        | 3 6 8 9 11 12 | 12.5
Spellcasting   | 5 6 |  6.3
Conjurations   | 4 6 7 |  7.3

Action                   |  1- 3 |  4- 6 |  7- 9 | 10-12 | 13-15 | 16-18 || total
-------------------------+-------+-------+-------+-------+-------+-------++-------
Melee: Long sword        |   130 |   178 |    82 |       |       |       ||   390
       Bite              |    12 |    19 |    19 |    62 |   250 |   261 ||   623
       Dagger            |       |       |   171 |   620 |  1109 |       ||  1900
       Scimitar          |       |       |       |       |   833 |  1568 ||  2401
Throw: Throwing net      |       |     1 |       |     1 |       |       ||     2
 Cast: Tukima's Dance    |       |       |       |       |    11 |    32 ||    43
       Invisibility      |       |       |       |       |     2 |     3 ||     5
Invok: Curse Item        |       |       |     2 |     2 |     2 |     4 ||    10
 Abil: Evoke Flight      |       |       |       |       |     1 |       ||     1
Evoke: Wand              |       |       |       |     5 |    22 |    21 ||    48
       Box of beasts     |       |       |       |       |     1 |     1 ||     2
  Use: Scroll            |       |     9 |    14 |    12 |     5 |    11 ||    51
       Potion            |       |     5 |     1 |     6 |     4 |     8 ||    24
 Stab: Sleeping          |       |     6 |    17 |    27 |    59 |    40 ||   149
       Distracted        |       |       |     2 |     4 |    12 |     4 ||    22
       Held in net/web   |       |       |       |     3 |       |       ||     3
       Paralysed         |       |       |       |     1 |    18 |     3 ||    22
       Invisible         |       |       |       |       |    23 |    16 ||    39
       Confused          |       |       |       |       |       |     1 ||     1
Armor: Leather armour    |     4 |       |       |       |       |       ||     4
       Ring mail         |    30 |    53 |       |       |       |       ||    83
       Skin              |       |    57 |    53 |    19 |    24 |       ||   153
       Acid dragon scale |       |       |    45 |   128 |   336 |   259 ||   768
Dodge: Dodged            |    75 |   139 |   155 |   340 |  1275 |  1243 ||  3227
Block: Buckler           |       |       |       |       |   151 |   726 ||   877
       Reflection        |       |       |       |       |     7 |    48 ||    55
       Rpst.: Long sword |    25 |    37 |    16 |       |       |       ||    78
       Scimitar          |       |       |       |       |   153 |   239 ||   392

Table legend: (Time is in decaauts)
 A = Elapsed time spent in this place.
 B = Non-inter-level travel time spent in this place.
 C = Inter-level travel time spent in this place.
 D = Time resting spent in this place.
 E = Time spent auto-exploring this place.
 F = Levels seen in this place.
 G = Mean time per level.
                   A        B        C        D        E       F      G
               +--------+--------+--------+--------+--------+-----+--------+
         Total |  38438 |  35920 |   2518 |   8724 |  17003 |  35 | 1098.2 |
       Dungeon |  15322 |  14392 |    930 |   2475 |   7709 |  15 | 1021.5 |
        Temple |    102 |     89 |     13 |      0 |     72 |   1 |  102.0 |
          Lair |   7469 |   6625 |    844 |   1498 |   3581 |   6 | 1244.8 |
         Swamp |   4655 |   4518 |    137 |   1084 |   2190 |   4 | 1163.8 |
     Snake Pit |   5837 |   5554 |    283 |   2092 |   2060 |   4 | 1459.2 |
  Orcish Mines |   3452 |   3142 |    310 |   1012 |   1198 |   2 | 1726.0 |
        Bazaar |    136 |    136 |      0 |      0 |      0 |   1 |  136.0 |
         Sewer |    282 |    282 |      0 |     12 |     66 |   1 |  282.0 |
      Gauntlet |   1180 |   1180 |      0 |    551 |    125 |   1 | 1180.0 |
               +--------+--------+--------+--------+--------+-----+--------+

Top non-repeatable levels by time:
    D:14: 2420 daAuts
 Snake:3: 2233 daAuts
   Orc:2: 2079 daAuts
 Swamp:4: 1586 daAuts
 Snake:1: 1509 daAuts
  Lair:4: 1439 daAuts
  Lair:6: 1375 daAuts
   Orc:1: 1372 daAuts
    D:13: 1292 daAuts
 Snake:2: 1287 daAuts
  Lair:2: 1244 daAuts
  Lair:5: 1201 daAuts
     D:7: 1182 daAuts
Gauntlet: 1180 daAuts
  Lair:1: 1160 daAuts
